 Dungeon Crawl Stone Soup version 0.31-a0-174-g85c54bcb58 (webtiles) character file.

Game seed: 993222335529658601

1037 qw the Skirmisher (level 8, -1/73 HPs)
             Began as a Naga Hunter on June 15, 2023.
             Was an Initiate of Okawaru.
             Shot with an arrow by a centaur (11 damage)
             ... on level 6 of the Dungeon.
             The game lasted 00:01:33 (4258 turns).

qw the Skirmisher (Naga Hunter)                     Turns: 4258, Time: 00:01:33

Health: -1/73      AC:  5    Str: 13    XL:     8   Next: 24%
Magic:  8/8        EV: 10    Int: 10    God:    Okawaru [......]
Gold:   998        SH:  0    Dex: 17    Spells: 7/7 levels left

rFire   . . .        Y - +1 shortbow (drain)
rCold   . . .        (shield currently unavailable)
rNeg    . . .        c - +0 leather armour
rPois   +            (no helmet)
rElec   .            (no cloak)
rCorr   .            g - +0 pair of gloves
SInv    +            (no barding)
Will    +....        (no amulet)
Stlth   ++           (no ring)
HPRegen 0.32/turn    (no ring)
MPRegen 0.11/turn

%: no passive effects
@: lethally poisoned (-1 -> -5), about to teleport, very slow
A: AC +2, large, see invisible, deformed body, poison resistance, slowness 2,
spit poison 1, naga tail 1
a: Spit Poison, Renounce Religion


You were on level 6 of the Dungeon.
You worshipped Okawaru.
Okawaru was noncommittal.
You visited 2 branches of the dungeon, and saw 7 of its levels.

You collected 998 gold pieces.


Innate Abilities, Weirdness & Mutations

Your serpentine skin is tough. (AC +2)
You have supernaturally acute eyesight. (SInv)
Armour fits poorly on your strangely shaped body.
Your system is resistant to poisons. (rPois)
You cover ground very slowly.
You can spit poison.
You have a snake-like lower body.


   Skills:
 + Level 4.9 Fighting
 - Level 8.2 Ranged Weapons
 - Level 2.1 Dodging
 - Level 1.5 Stealth


You had 7 spell levels left.
You didn't know any spells.
Your spell library was empty.

Inventory:

Hand Weapons
 Y - a +1 shortbow of draining (weapon)
Armour
 c - a +0 leather armour (worn)
 g - a +0 pair of gloves (worn)
Jewellery
 i - a ring of ice
 k - a ring of fire
Scrolls
 a - a scroll of identify
Potions
 b - a potion of might
 e - a potion of curing
 f - a potion of degeneration {unknown}
 h - a potion of haste
 j - a potion of lignification {unknown}

Dungeon Overview and Level Annotations

Branches:
Dungeon (6/15)             Temple (1/1) D:4

Altars:
Ashenzari
Cheibriados
Dithmenos
Elyvilon
Fedhas
Gozag
Hepliaklqana
Kikubaaqudgha
Makhleb
Okawaru
Ru
Trog
Wu Jian
Xom
Yredelemnul

Shops:
D:2 [

Annotations:
D:6 Menkaure


Message History

The splash of poison hits the scorpion but does no damage.
The scorpion is poisoned.
The scorpion is lightly wounded.
Your extra speed is starting to run out.
You shoot an arrow. The arrow barely misses the scorpion.
Menkaure, Prince of Dust comes into view.
You shoot an arrow.
The arrow hits the scorpion but does no damage.
The scorpion is lightly wounded.
You shoot an arrow. The arrow barely misses the scorpion.
A centaur comes into view.
You shoot an arrow. The arrow closely misses the scorpion.
You shoot an arrow. The arrow closely misses the scorpion.
The scorpion stings you.
Menkaure blazes with dark energy!
You shoot an arrow. The arrow hits the scorpion.
The scorpion is heavily wounded.
The scorpion stings you.
You are poisoned.
The scorpion poisons you!
You shoot an arrow. The arrow hits the scorpion.
The scorpion is almost dead.
You feel sick.
Menkaure calls on the powers of darkness!
Your body is wracked with pain!
You shoot an arrow. The arrow closely misses the scorpion.
You have got your breath back.
You feel sick.
You kill the scorpion!
Okawaru accepts your kill.
You shoot an arrow. The arrow hits Menkaure.
Menkaure is lightly damaged.
You feel yourself slow down.
You feel sick. Menkaure hits you!!
4258 ||| READING scroll of teleportation.
As you read the scroll of teleportation, it crumbles to dust.
You feel strangely unstable.
You feel sick.
The centaur wields a +0 orcbow.
The centaur shoots an arrow.
The arrow hits you!
You die...

.....................
..................#
.............<.#
............###
.............#.
.##..........# ..###
#..........#
#.....##......#....#
#....@......#....#
#...cM...)...#......
......###............
...... ##..........
..... ......... .....
.##.#.... .... ....
.... ..


You could see Menkaure and a centaur.

Vanquished Creatures
  Edmund (D:3)
  An ice beast (D:5)
  A centaur (D:5)
  A phantom (D:5)
  A gnoll sergeant (D:5)
  2 scorpions
  2 howler monkeys (D:5)
  2 centaur zombies (D:4)
  A jelly (D:2)
  A hound (D:5)
  An iguana (D:4)
  3 scorpion zombies (D:4)
  6 adders
  4 gnolls (D:5)
  2 adder zombies (D:4)
  3 worms
  5 dart slugs
  6 orcs
  5 ball pythons
  4 bats
  12 endoplasms
  3 giant cockroaches
  4 goblins
  3 hobgoblins
  4 jackals (D:3)
  5 quokkas
  2 frilled lizards
  8 kobolds
  A quokka zombie (D:4)
  5 rats
99 creatures vanquished.

Notes
Turn   | Place    | Note
-------+----------+-------------------------------------------
     0 | D:1      | qw the Naga Hunter began the quest for the Orb.
     0 | D:1      | Reached XP level 1. HP: 19/19 MP: 1/1
     0 | D:1      | 0 ||| qw: Version: 0.2-a-29-g511e9b1
     0 | D:1      | 0 ||| qw: Game counter: 5237
     0 | D:1      | 0 ||| qw: Always use a shield: true
     0 | D:1      | 0 ||| qw: God list: Okawaru
     0 | D:1      | 0 ||| qw: Allow faded altars: false
     0 | D:1      | 0 ||| qw: Do Orc after D:15 true
     0 | D:1      | 0 ||| qw: Do second Lair branch before Depths: true
     0 | D:1      | 0 ||| qw: Lair rune preference: random
     0 | D:1      | 0 ||| qw: Plans: Normal
     0 | D:1      | 0 ||| PLANNING D:1-11
    18 | D:1      | 18 ||| DROPPING +3 sling.
    23 | D:1      | 23 ||| INVOKING Spit Poison.
   129 | D:1      | 129 ||| INVOKING Spit Poison.
   133 | D:1      | 133 ||| INVOKING Spit Poison.
   135 | D:1      | Reached skill level 4 in Ranged Weapons
   135 | D:1      | Reached XP level 2. HP: 9/26 MP: 2/2
   139 | D:1      | 139 ||| INVOKING Spit Poison.
   287 | D:1      | 287 ||| INVOKING Spit Poison.
   312 | D:1      | 312 ||| INVOKING Spit Poison.
   361 | D:1      | 361 ||| INVOKING Spit Poison.
   368 | D:1      | 368 ||| INVOKING Spit Poison.
   369 | D:1      | 369 ||| Stepping ~*~*~tactically~*~*~ (outnumbered).
   372 | D:1      | 372 ||| INVOKING Spit Poison.
   378 | D:1      | 378 ||| INVOKING Spit Poison.
   477 | D:1      | 477 ||| INVOKING Spit Poison.
   478 | D:1      | Reached XP level 3. HP: 32/32 MP: 3/3
   756 | D:1      | 756 ||| READING 2 scrolls labelled LEURESSANACK.
   757 | D:1      | 757 ||| READING scroll labelled BOCKIO KOKIKE.
   758 | D:1      | 758 ||| READING scroll labelled CYWKIA GYSCHOUM.
   759 | D:1      | 759 ||| READING scroll labelled WOEQYPN FYEMN.
   760 | D:1      | 760 ||| READING scroll labelled NIGECKOINA.
   761 | D:1      | 761 ||| DRINKING 3 fizzy green potions.
   762 | D:1      | 762 ||| DROPPING scroll of butterflies.
   763 | D:1      | 763 ||| DROPPING 2 potions of enlightenment.
   825 | D:2      | Found a faded altar of an unknown god.
   833 | D:2      | 833 ||| INVOKING Spit Poison.
   839 | D:2      | 839 ||| INVOKING Spit Poison.
   842 | D:2      | 842 ||| INVOKING Spit Poison.
   848 | D:2      | 848 ||| INVOKING Spit Poison.
   854 | D:2      | 854 ||| FLEEEEING.
   856 | D:2      | 856 ||| FLEEEEING.
   857 | D:2      | 857 ||| STAIRDANCE
   940 | D:2      | 940 ||| INVOKING Spit Poison.
   972 | D:2      | Found Fiat Zog's Antique Armour Boutique.
   984 | D:2      | 984 ||| SHOPLISTING embroidered robe (66 gold, have 56).
   984 | D:2      | 984 ||| SHOPLISTING glowing leather armour (90 gold, have
                  | 56).
   984 | D:2      | 984 ||| SHOPLISTING glowing scarf (144 gold, have 56).
  1016 | D:2      | 1016 ||| INVOKING Spit Poison.
  1054 | D:2      | 1054 ||| INVOKING Spit Poison.
  1056 | D:2      | Reached skill level 5 in Ranged Weapons
  1056 | D:2      | Reached XP level 4. HP: 39/39 MP: 4/4
  1176 | D:2      | 1176 ||| INVOKING Spit Poison.
  1182 | D:2      | 1182 ||| INVOKING Spit Poison.
  1258 | D:2      | 1258 ||| INVOKING Spit Poison.
  1285 | D:2      | 1285 ||| INVOKING Spit Poison.
  1382 | D:2      | 1382 ||| INVOKING Spit Poison.
  1393 | D:2      | Reached skill level 3 in Fighting
  1393 | D:2      | 1393 ||| INVOKING Spit Poison.
  1402 | D:2      | 1402 ||| INVOKING Spit Poison.
  1517 | D:2      | 1517 ||| UPGRADING to +0 pair of gloves.
  1522 | D:2      | 1522 ||| READING scroll labelled VIMPIFU QOED.
  1522 | D:2      | Identified a scroll of acquirement
  1522 | D:2      | 1522 ||| ACQUIRING 742 gold pieces
  1522 | D:2      | Acquired 742 gold pieces
  1524 | D:2      | 1524 ||| DRINKING 2 pink potions.
  1525 | D:2      | 1525 ||| READING 2 scrolls of identify.
  1525 | D:2      | 1525 ||| IDENTIFYING fizzy red potion
  1630 | D:3      | 1630 ||| INVOKING Spit Poison.
  1662 | D:3      | 1662 ||| INVOKING Spit Poison.
  1668 | D:3      | Reached XP level 5. HP: 40/49 MP: 5/5
  1668 | D:3      | 1668 ||| INVOKING Spit Poison.
  1698 | D:3      | 1698 ||| INVOKING Spit Poison.
  1714 | D:3      | 1714 ||| INVOKING Spit Poison.
  1721 | D:3      | 1721 ||| INVOKING Spit Poison.
  1727 | D:3      | 1727 ||| INVOKING Spit Poison.
  1730 | D:3      | 1730 ||| INVOKING Spit Poison.
  1793 | D:3      | 1793 ||| INVOKING Spit Poison.
  1794 | D:3      | 1794 ||| INVOKING Spit Poison.
  1797 | D:3      | 1797 ||| INVOKING Spit Poison.
  1978 | D:3      | 1978 ||| INVOKING Spit Poison.
  2166 | D:3      | 2166 ||| DROPPING ring of wizardry.
  2167 | D:3      | 2167 ||| READING scroll labelled HOYS IMNYOVAO.
  2170 | D:3      | 2170 ||| READING scroll labelled NYTUCS BOGYUFU.
  2171 | D:3      | 2171 ||| READING 2 scrolls of identify.
  2171 | D:3      | 2171 ||| IDENTIFYING smoky white potion
  2172 | D:3      | 2172 ||| DROPPING potion of attraction.
  2189 | D:4      | Noticed Edmund
  2190 | D:4      | 2190 ||| INVOKING Spit Poison.
  2194 | D:4      | 2194 ||| INVOKING Spit Poison.
  2195 | D:4      | 2195 ||| STAIRDANCE
  2198 | D:3      | 2198 ||| INVOKING Spit Poison.
  2203 | D:3      | 2203 ||| INVOKING Spit Poison.
  2206 | D:3      | HP: 7/49 [Edmund/+1 flail of holy wrath (7)]
  2207 | D:3      | 2207 ||| INVOKING Spit Poison.
  2207 | D:3      | HP: 2/49 [Edmund/+1 flail of holy wrath (5)]
  2208 | D:3      | Killed Edmund
  2209 | D:3      | Reached skill level 6 in Ranged Weapons
  2209 | D:3      | Reached XP level 6. HP: 3/56 MP: 6/6
  2403 | D:4      | 2403 ||| INVOKING Spit Poison.
  2444 | D:4      | 2444 ||| INVOKING Spit Poison.
  2508 | D:4      | 2508 ||| INVOKING Spit Poison.
  2511 | D:4      | 2511 ||| INVOKING Spit Poison.
  2517 | D:4      | 2517 ||| INVOKING Spit Poison.
  2569 | D:4      | Found a shadowy altar of Dithmenos.
  2603 | D:4      | 2603 ||| INVOKING Spit Poison.
  2831 | D:4      | Reached XP level 7. HP: 58/64 MP: 7/7
  2831 | D:4      | 2831 ||| INVOKING Spit Poison.
  2837 | D:4      | 2837 ||| INVOKING Spit Poison.
  2990 | D:4      | 2990 ||| INVOKING Spit Poison.
  3054 | D:4      | Reached skill level 7 in Ranged Weapons
  3090 | D:4      | 3090 ||| INVOKING Spit Poison.
  3114 | D:4      | 3114 ||| INVOKING Spit Poison.
  3176 | D:4      | Found a staircase to the Ecumenical Temple.
  3177 | D:4      | 3177 ||| PLANNING TEMPLE
  3177 | D:4      | 3177 ||| INVOKING Spit Poison.
  3178 | D:4      | 3178 ||| READING scroll labelled TIKESOBOLE.
  3179 | D:4      | 3179 ||| DRINKING 3 ruby potions.
  3180 | D:4      | 3180 ||| DROPPING 2 potions of brilliance.
  3186 | Temple   | Entered the Ecumenical Temple
  3188 | Temple   | 3188 ||| PLANNING OKAWARU WORSHIP
  3244 | Temple   | Became a worshipper of Warmaster Okawaru
  3245 | Temple   | 3245 ||| PLANNING D:1-11
  3336 | D:4      | 3336 ||| INVOKING Spit Poison.
  3466 | D:5      | Entered Level 5 of the Dungeon
  3548 | D:5      | 3548 ||| INVOKING Spit Poison.
  3608 | D:5      | 3608 ||| INVOKING Spit Poison.
  3615 | D:5      | 3615 ||| INVOKING Spit Poison.
  3619 | D:5      | 3619 ||| INVOKING Spit Poison.
  3623 | D:5      | 3623 ||| INVOKING Spit Poison.
  3666 | D:5      | 3666 ||| INVOKING Spit Poison.
  3671 | D:5      | 3671 ||| INVOKING Spit Poison.
  3677 | D:5      | 3677 ||| INVOKING Spit Poison.
  3684 | D:5      | 3684 ||| INVOKING Spit Poison.
  3690 | D:5      | 3690 ||| INVOKING Spit Poison.
  3696 | D:5      | Reached skill level 8 in Ranged Weapons
  3696 | D:5      | Reached XP level 8. HP: 69/72 MP: 8/8
  3701 | D:5      | 3701 ||| INVOKING Spit Poison.
  3701 | D:5      | Reached * piety under Okawaru
  3707 | D:5      | 3707 ||| INVOKING Heroism.
  4213 | D:5      | 4213 ||| DRINKING 2 orange potions.
  4248 | D:6      | 4248 ||| INVOKING Spit Poison.
  4249 | D:6      | Noticed Menkaure
  4257 | D:6      | HP: 12/73 [Menkaure (21)]
  4258 | D:6      | 4258 ||| READING scroll of teleportation.
  4258 | D:6      | Shot with an arrow by a centaur

Levels and vault maps discovered:
D:1:      kennysheep_arrival_forest, layout_loops_ring, hangedman_decor_push,
          minmay_cupped
D:2:      layout_loops_ring, serial_shops, nicolae_lakefront_shop,
          shapermc_ecumenical_altar_flowoftime, minmay_bisected
D:3:      layout_basic
D:4:      layout_loops_ring, lemuel_round_altar, minmay_temple_entry_hall,
          serial_undead, serial_undead_f, serial_undead_b, serial_undead_b,
          serial_undead_a, serial_undead_c, minmay_box_of_dots, uniq_edmund
D:5:      layout_loops_ring, nicolae_grassy_gnolls
D:6:      layout_cave_pools, nicolae_elemental_shop, uniq_sigmund,
          uniq_prince_ribbit1, uniq_eustachio, uniq_menkaure, uniq_grinder
Temple:   eino_temple_lava

Skill      XL: |  1  2  3  4  5  6  7 |
---------------+----------------------+-----
Ranged Weapons | 4 5 6 8 |  8.2
Fighting       | 3 4 |  4.9
Dodging        | 2 |  2.1
Stealth        | |  1.5

Action                     |  1- 3 |  4- 6 |  7- 9 || total
---------------------------+-------+-------+-------++-------
   Fire: Shortbow          |    58 |   120 |   110 ||   288
 Invoke: Heroism           |       |       |     1 ||     1
Ability: Spit Poison       |    18 |    29 |    19 ||    66
    Use: Scroll            |     5 |     5 |     2 ||    12
         Potion            |     1 |     1 |     2 ||     4
 Armour: Leather armour    |    11 |    25 |    35 ||    71
  Dodge: Dodged            |    12 |    25 |    46 ||    83

Table legend:
 A = Non-vault XP
 B = Vault XP
 C = Vault XP percentage of total XP
 D = Non-vault monster count
 E = Vault monster count
 F = Vault count percentage of total count
                 A         B        C        D         E       F
            +---------+---------+-------+---------+---------+-------
      Total |     924 |     558 |  37.7 |      77 |      22 |  22.2
            +---------+---------+-------+---------+---------+-------
        D:1 |      29 |       7 |  19.4 |      16 |       3 |  15.8
        D:2 |      88 |      32 |  26.7 |      13 |       5 |  27.8
        D:3 |      66 |     162 |  71.1 |      20 |       1 |   4.8
        D:4 |     160 |     207 |  56.4 |      17 |       8 |  32.0
        D:5 |     501 |     150 |  23.0 |      10 |       5 |  33.3
        D:6 |      80 |       0 |   0.0 |       1 |       0 |   0.0
            +---------+---------+-------+---------+---------+-------
